 Dungeon Crawl Stone Soup version 0.28-a0-850-g09de17f5b5 (webtiles) character file.

Game seed: 10316526712058484921

111058 wakim the Fighter (level 16, 0/146 HPs)
             Began as a Yellow Draconian Ice Elementalist on Nov 13, 2021.
             Was an Elder of Sif Muna.
             Shot with a bolt by a tengu warrior (17 damage)
             ... on level 15 of the Dungeon.
             The game lasted 01:58:59 (40292 turns).

wakim the Fighter (DrIE)                           Turns: 40292, Time: 01:59:00

Health: 0/146      AC: 14    Str: 12    XL:     16   Next: 8%
Magic:  13/30      EV: 16    Int: 21    God:    Sif Muna [****..]
Gold:   2249       SH:  5    Dex: 18    Spells: 9/35 levels left

rFire   + + .      SeeInvis +   b - +2 spear (venom)
rCold   . . .      Faith    .   m - +0 buckler
rNeg    . . .      Spirit   .   (armour unavailable)
rPois   .          Reflect  .   Z - +0 hat
rElec   .          Harm     .   P - +0 cloak
rCorr   +          Rampage  .   t - +0 pair of gloves {Str+3}
Will    ++...                   e - +2 pair of boots
Stlth   ++........              o - amulet of Brawling {Acrobat rF++ Str-2 Dex+5}
HPRegen 0.34/turn               i - ring of see invisible
MPRegen 0.22/turn               n - ring of willpower

@: slowed, studying Stealth, very slow
A: spit acid, AC +9, unfitting armour, acidic bite, cold-blooded, acid
resistance
a: Breathe Acid, Renounce Religion, Channel Magic, Forget Spell, Divine Exegesis


You were on level 15 of the Dungeon.
You worshipped Sif Muna.
Sif Muna was greatly pleased with you.
You visited 4 branches of the dungeon, and saw 24 of its levels.
You also visited: Ossuary and Volcano.

You collected 2301 gold pieces.
You spent 52 gold pieces at shops.

Inventory:

Hand Weapons
 a - a +1 trident of freezing
 b - a +2 spear of venom (weapon)
Missiles
 d - a throwing net {=f!f}
Armour
 e - a +2 pair of boots (worn)
 k - the +1 buckler "Urapov" {Harm rF- Str+4}
   (You took it off a deep elf pyromancer on level 13 of the Dungeon)

   Str:       It affects your strength (+4).
   rF:        It makes you vulnerable to fire.
   Harm:      It increases damage dealt and taken.
 m - a +0 buckler (worn)
 t - a +0 pair of gloves of strength (worn)
 P - a +0 cloak (worn)
 Z - a +0 hat (worn)
Magical Staves
 f - a staff of air
Jewellery
 c - the ring of Zin's Generosity {Drain +Blink rCorr Int+3 Dex+3}
   (You found it on level 1 of the Orcish Mines)

   [ring of resist corrosion]

   Int:       It affects your intelligence (+3).
   Dex:       It affects your dexterity (+3).
   +Blink:    It lets you blink.
   rCorr:     It protects you from acid and corrosion.
   Drain:     It drains your maximum health when unequipped.
 i - a ring of see invisible (left hand)
 n - a ring of willpower (right hand)
 o - the amulet of Brawling (around neck) {Acrobat rF++ Str-2 Dex+5}
   (You found it on level 1 of the Lair of Beasts)

   [amulet of the acrobat]

   It increases your evasion while moving and waiting.
   Str:       It affects your strength (-2).
   Dex:       It affects your dexterity (+5).
   rF:        It greatly protects you from fire.
 B - a ring of protection from fire
 U - a +4 ring of evasion
 V - the amulet "Jawkulaf" {Reflect rN++ SH+5}
   (You found it on level 13 of the Dungeon)

   [amulet of reflection]

   It reflects blocked missile attacks.
   rN:        It greatly protects you from negative energy.
   SH:        It affects your SH (+5).
 W - the ring "Migoor" {Fly Dex+4 SInv}
   (You took it off a deep elf pyromancer on level 13 of the Dungeon)

   [ring of see invisible]

   Dex:       It affects your dexterity (+4).
   SInv:      It lets you see invisible.
   Fly:       It grants you flight.
Wands
 u - a wand of mindburst (7)
 v - a wand of flame (27)
 w - a wand of acid (20)
 x - a wand of charming (4)
 y - a wand of paralysis (20)
Scrolls
 g - 4 scrolls of fear {unknown}
 h - 2 scrolls of enchant weapon {unknown}
 j - a scroll of holy word {unknown}
 p - 7 scrolls of vulnerability {unknown}
 r - 6 scrolls of noise {unknown}
 s - 7 scrolls of amnesia {unknown}
 Q - 3 scrolls of immolation {!r!r}
 R - 2 scrolls of magic mapping {!r}
 S - a scroll of summoning
 T - 7 scrolls of teleportation
 X - a scroll of fog
 Y - 4 scrolls of blinking {!r}
Potions
 A - 13 potions of ambrosia
 D - 3 potions of brilliance
 E - 2 potions of cancellation
 F - 13 potions of curing
 G - 3 potions of flight
 H - a potion of haste
 I - 2 potions of invisibility
 J - a potion of heal wounds
 K - 5 potions of magic
 L - 3 potions of lignification {!q}
 M - 5 potions of mutation {!q}
 N - 6 potions of might
 O - 3 potions of resistance
Miscellaneous
 l - a condenser vane
 z - a box of beasts


   Skills:
 - Level 14.0 Fighting
 + Level 7.4 Polearms
 * Level 6.9 Dodging
 - Level 3.0 Stealth
 - Level 4.0 Shields
 - Level 10.0 Spellcasting
 + Level 11.8 Conjurations
 - Level 4.0 Translocations
 - Level 12.0 Ice Magic
 * Level 12.1 Air Magic
 + Level 8.5 Invocations


You had 9 spell levels left.
You knew the following spells:

 Your Spells              Type           Power      Damage    Failure   Level
a - Freeze                Ice            100%       1d11      1%          1
b - Frozen Ramparts       Ice            100%       1d12      1%          3
c - Ozocubu's Armour      Ice            57%        N/A       1%          3
d - Airstrike             Air            28%        N/A       1%          4
e - Lightning Bolt        Conj/Air       28%        1d45      1%          5
f - Freezing Cloud        Conj/Ice/Air   28%        6-21      1%          5
s - Swiftness             Air            57%        N/A       1%          3
B - Blink                 Tloc           54%        N/A       1%          2

Your spell library contained the following spells:

 Spells                   Type           Power      Damage    Failure   Level
 Foxfire                  Conj/Fire      100%       2x1d9     1%          1
 Shock                    Conj/Air       100%       1d9       1%          1
 Dazzling Flash           Conj/Hex       70%        N/A       1%          3
 Stone Arrow              Conj/Erth      70%        3d11      1%          3
 Hailstorm                Conj/Ice       57%        3d12      1%          4
 Gell's Gravitas          Tloc           27%        N/A       3%          3
 Lesser Beckoning         Tloc           27%        N/A       3%          3
 Teleport Other           Tloc           27%        N/A       3%          3
 Ice Form                 Ice/Tmut       35%        N/A       5%          4
 Summon Ice Beast         Ice/Summ       35%        N/A       5%          4
 Summon Lightning Spire   Summ/Air       36%        N/A       5%          4
 Beastly Appendage        Tmut           20%        N/A       6%          1
 Pain                     Necr           40%        1d6       6%          1
 Slow                     Hex            40%        N/A       6%          1
 Call Imp                 Summ           10%        N/A       10%         2
 Passwall                 Tmut/Erth      8%         N/A       10%         2
 Wereblood                Tmut           10%        N/A       10%         2
 Passage of Golubria      Tloc           27%        N/A       12%         4
 Metabolic Englaciation   Hex/Ice        17%        N/A       16%         5
 Silence                  Hex/Air        18%        N/A       16%         5
 Confusing Touch          Hex            10%        N/A       19%         3
 Ignite Poison            Fire/Tmut/Pois 10%        N/A       19%         3
 Spider Form              Tmut/Pois      10%        N/A       19%         3
 Summon Guardian Golem    Hex/Summ       10%        N/A       19%         3
 Tukima's Dance           Hex            10%        N/A       19%         3
 Vampiric Draining        Necr           10%        2d6       19%         3
 Manifold Assault         Tloc           27%        N/A       34%         5
 Orb of Destruction       Conj           28%        9d11      38%         7
 Animate Dead             Necr           5%         N/A       54%         4
 Leda's Liquefaction      Hex/Erth       5%         N/A       54%         4
 Simulacrum               Ice/Necr       17%        N/A       63%         6
 Agony                    Necr           10%        N/A       87%         5
 Borgnjor's Vile Clutch   Necr/Erth      5%         N/A       87%         5
 Excruciating Wounds      Necr           5%         N/A       87%         5
 Summon Mana Viper        Hex/Summ       10%        N/A       87%         5
 Yara's Violent Unravell  Hex/Tmut       5%         3d4       87%         5
 Spellforged Servitor     Conj/Summ      17%        N/A       99%         7
 Storm Form               Tmut/Air       18%        N/A       99%         7
 Death Channel            Necr           5%         N/A       100%        6
 Haunt                    Necr/Summ      5%         N/A       100%        7
 Monstrous Menagerie      Summ           5%         N/A       100%        7
 Lehudib's Crystal Spear  Conj/Erth      17%        10d5      100%        8
 Polar Vortex             Ice            28%        N/A       100%        9
 Animate Armour           Summ/Erth      Unusable   N/A       N/A         4

Dungeon Overview and Level Annotations

Branches:
Dungeon (15/15)            Temple (1/1) D:4            Lair (6/6) D:10
 Shoals (0/4) Lair:2        Snake (0/4) Lair:4        Slime (0/5) Lair:5
    Orc (2/2) D:11         Vaults (0/5) D:13         Depths (0/4) D:15
Ossuary (visited)         Volcano (visited)
    Elf: Orc:2

Altars:
Ashenzari
Cheibriados
Dithmenos
Elyvilon
Fedhas
Gozag
Hepliaklqana
Kikubaaqudgha
Makhleb
Nemelex Xobeh
Okawaru
Qazlal
Ru
Sif Muna
Trog
Uskayaw
Vehumet
Wu Jian
Xom
Yredelemnul
Zin
The Shining One

Shops:
D:4 *   D:12 *   Orc:1 !=   Orc:2 (=

Annotations:
D:10 dig
D:14 Roxanne
Lair:4 1 runed translucent door, Atont's ghost, journeyman DDFi
Lair:5 2 transporters, 3 runed translucent doors, Karim's ghost, journeyman GnEE
Orc:2 Saint Roka


Innate Abilities, Weirdness & Mutations

You can spit globs of acid.
Your golden yellow scales are hard. (AC +9)
You cannot fit into any form of body armour.
You have acidic saliva.
You are cold-blooded and may be slowed by cold attacks.
You are resistant to acid. (rCorr)


Message History

The stone giant completely misses you.
You hit the stone giant. You tail-slap the stone giant.
The stone giant is heavily wounded.
A tengu warrior comes into view. It is wielding a +0 arbalest.
The stone giant is engulfed in freezing vapours.
The stone giant hits you but does no damage.
The tengu warrior shoots a bolt.
The bolt hits you!
Unknown command.
Okay, then.
Casting: Freezing Cloud (mildly dangerous; 1% risk of failure)
Confirm with . or Enter, or press ? or * to list all spells.
Aiming: Freezing Cloud (mildly dangerous; 1% risk of failure)
Press: ? - help, Dir - move target The stone giant is engulfed in freezing vapours.
You block the stone giant's attack.
The tengu warrior is engulfed in freezing vapours.
The tengu warrior shoots a bolt.
The bolt closely misses you.
The tengu warrior shoots a bolt.
The bolt hits you!!
* * * LOW HITPOINT WARNING * * *
The stone giant is engulfed in freezing vapours.
The stone giant hits you!!
* * * LOW HITPOINT WARNING * * *
Casting: Freezing Cloud (mildly dangerous; 1% risk of failure)
Confirm with . or Enter, or press ? or * to list all spells.
Okay, then.
Casting: Freezing Cloud (mildly dangerous; 1% risk of failure)
Confirm with . or Enter, or press ? or * to list all spells.
Aiming: Freezing Cloud (mildly dangerous; 1% risk of failure)
Press: ? - help, Dir - move target The tengu warrior is engulfed in freezing vapours.
The tengu warrior shoots a bolt.
The bolt hits you!!
* * * LOW HITPOINT WARNING * * *
The tengu warrior is engulfed in freezing vapours.
The tengu warrior shoots a bolt.
The bolt barely misses you.
The stone giant is engulfed in freezing vapours.
You kill the stone giant!
Sif Muna accepts your kill.
The tengu warrior is engulfed in freezing vapours.
The tengu warrior shoots a bolt.
The bolt hits you!
You die...

#....................#
#....................#
#....................#
#....................#
###.......############.#
..........#≈≈.§§§§..Q#.#######
..........#≈.#§§Q###+#.......#
..........#...§.§#§§§#.......#
..........'.##≈.@§§§§#.......#
..........#...§§§#§§§#.#######
..#####...#≈.#§§§###+#.# ..#
#...#≈≈.§§§Q. #.# ..#
#...############.# ..#
#........).......#
..#####................#
.......................###
###########..............#


You could see 2 tengu warriors.

Vanquished Creatures
  Jorgrun (D:14)
  A stone giant (D:15)
  The ghost of amoeba the Spear-Bearer, a journeyman MiFi of Okawaru (Orc:1)
  A dire elephant (Lair:6)
  A fire dragon (D:14)
  A great orb of eyes (D:13)
  6 hydras
  3 boulder beetles
  A catoblepas (Lair:6)
  7 two-headed ogres
  2 death knights
  5 centaur warriors
  19 death yaks
  4 tengu warriors
  A deep troll shaman (Lair:6)
  An orc high priest (Orc:2)
  5 skeletal warriors
  4 orc knights
  A lindwurm (Lair:6)
  4 deep elf pyromancers
  5 orc sorcerers
  7 manticores
  19 ugly things
  6 elephants
  9 cyclopes
  3 merfolk sirens (Lair:2)
  5 black mambas
  2 torpor snails (Lair:2)
  2 gargoyles
  11 cane toads
  4 yaktaurs
  7 komodo dragons
  A kobold demonologist (D:13)
  Psyche (D:12)
  2 rime drakes (Lair:6)
  4 tengu conjurers
  3 efreet
  2 freezing wraiths (D:14)
  8 trolls
  A meliai (shapeshifter) (D:14)
  3 meliai (D:14)
  A merfolk (Lair:2)
  2 queen bees
  2 polar bears
  5 blink frogs
  13 slime creatures
  16 dream sheep
  5 wyverns
  2 shadows
  4 wraiths
  67 yaks
  3 fire elementals (Volcano)
  4 basilisks
  5 wargs
  Grum (D:8)
  15 vampire mosquitoes
  2 nagas (Lair:4)
  A naga (shapeshifter) (D:15)
  3 acid dragons
  21 water moccasins
  3 black bears
  41 orc warriors
  2 necrophages
  13 ogres
  21 wolves
  2 centaurs
  5 kobold brigands
  Blork the orc (D:5)
  An elf zombie (Ossuary)
  12 bullfrogs
  A wyvern zombie (D:7)
  3 scorpions
  2 water moccasin zombies (D:5)
  3 gnoll sergeants (D:5)
  A water moccasin skeleton (D:6)
  A wyvern skeleton (D:6)
  51 killer bees
  4 howler monkeys
  6 centaur zombies
  2 jellies
  22 orc priests
  3 gnoll shamans
  8 hounds
  3 bullfrog skeletons
  2 centaur skeletons (D:7)
  2 human zombies (Ossuary)
  2 iguanas
  31 orc wizards
  2 mummies (Ossuary)
  Robin (D:2)
  21 gnolls
  10 adders
  2 white imps
  An ufetubus (D:6)
  A worm zombie (D:7)
  An adder skeleton (D:4)
  3 worms
  2 dart slugs (D:5)
  111 orcs
  7 endoplasms
  3 giant cockroaches
  17 goblins
  9 hobgoblins
  3 jackals (D:3)
  3 quokkas
  8 ball pythons
  3 bats
  3 frilled lizards
  3 goblin zombies (Ossuary)
  6 hobgoblin zombies (Ossuary)
  2 jackal zombies (Ossuary)
  20 kobolds
  7 kobold zombies (Ossuary)
  14 orc zombies (Ossuary)
  4 rats (D:2)
  A rat zombie (Ossuary)
862 creatures vanquished.

Vanquished Creatures (others)
  A shadow (D:13)
  2 orc wizards (Orc:1)
  63 fungi
  97 plants
163 creatures vanquished.

Grand Total: 1025 creatures vanquished

Notes
Turn   | Place    | Note
-------+----------+-------------------------------------------
     0 | D:1      | wakim the Draconian Ice Elementalist began the quest for
                  | the Orb.
     0 | D:1      | Reached XP level 1. HP: 14/14 MP: 3/3
   436 | D:1      | Reached XP level 2. HP: 13/20 MP: 0/5
   794 | D:1      | Found a faded altar of an unknown god.
  1314 | D:2      | Reached XP level 3. HP: 26/26 MP: 3/6
  1318 | D:2      | Learned a level 3 spell: Frozen Ramparts
  1516 | D:2      | Noticed Robin
  1529 | D:2      | Killed Robin
  1665 | D:2      | Reached XP level 4. HP: 32/33 MP: 5/7
  1801 | D:2      | Reached skill level 5 in Ice Magic
  1901 | D:2      | Learned a level 3 spell: Ozocubu's Armour
  2513 | D:3      | Reached skill level 1 in Fighting
  2573 | D:3      | Reached XP level 5. HP: 40/40 MP: 7/9
  2893 | D:3      | Found a glowing silver altar of Zin.
  3033 | D:3      | Reached skill level 2 in Fighting
  3174 | D:3      | Reached skill level 1 in Shields
  3437 | D:4      | Noticed a necrophage
  3470 | D:4      | Reached XP level 6. HP: 46/48 MP: 6/10
  3603 | D:4      | Reached skill level 3 in Fighting
  3883 | D:4      | Found Imaffymu's Assorted Antiques.
  3974 | D:4      | Found a staircase to the Ecumenical Temple.
  3989 | D:4      | Your scales start taking on a golden yellow colour.
  3989 | D:4      | Reached XP level 7. HP: 51/57 MP: 11/11
  3989 | D:4      | Gained mutation: You are resistant to acid. (rCorr) [Yellow
                  | Draconian growth]
  3994 | Temple   | Entered the Ecumenical Temple
  4291 | Temple   | Became a worshipper of Sif Muna the Loreminder
  4729 | D:5      | Entered Level 5 of the Dungeon
  4732 | D:5      | Identified the +6 dagger "Jovull" {chaos, Dex+3 SInv}
  4942 | D:5      | Reached skill level 4 in Fighting
  5225 | D:5      | Reached * piety under Sif Muna
  5228 | D:5      | Reached skill level 5 in Fighting
  5233 | D:5      | Reached XP level 8. HP: 60/68 MP: 6/12
  5473 | D:5      | Noticed Blork the orc
  5481 | D:5      | Killed Blork the orc
  5482 | D:5      | Reached skill level 1 in Polearms
  5852 | D:5      | Reached skill level 1 in Invocations
  6047 | D:5      | Reached skill level 6 in Fighting
  6708 | D:6      | Reached XP level 9. HP: 75/78 MP: 10/14
  6957 | D:6      | Reached skill level 7 in Fighting
  7580 | D:7      | Reached ** piety under Sif Muna
  7653 | D:7      | Found a sand-covered staircase.
  7690 | Ossuary  | Entered an ossuary
  7891 | Ossuary  | Reached *** piety under Sif Muna
  8133 | D:7      | Reached skill level 8 in Fighting
  8617 | D:8      | Noticed Grum
  8628 | D:8      | Killed Grum
  8629 | D:8      | Reached skill level 5 in Invocations
  8874 | D:8      | Noticed a gargoyle
  8887 | D:8      | Killed a gargoyle
  8888 | D:8      | Reached skill level 5 in Spellcasting
  8888 | D:8      | Reached XP level 10. HP: 88/88 MP: 8/17
  8996 | D:8      | Noticed a two-headed ogre
  9012 | D:8      | Killed a two-headed ogre
  9367 | D:8      | Reached skill level 5 in Polearms
  9420 | D:8      | Noticed a two-headed ogre
  9881 | D:9      | Noticed a two-headed ogre
  9890 | D:9      | Killed a two-headed ogre
 11238 | D:10     | Entered Level 10 of the Dungeon
 11766 | D:10     | Learned a level 2 spell: Blink
 11827 | D:10     | Reached **** piety under Sif Muna
 11828 | D:10     | Reached skill level 1 in Translocations
 11969 | D:10     | Noticed a gargoyle
 11976 | D:10     | Reached XP level 11. HP: 92/94 MP: 12/18
 11980 | D:10     | Reached skill level 10 in Ice Magic
 12015 | D:10     | Found a staircase to the Lair.
 12363 | D:10     | Learned a level 4 spell: Airstrike
 12369 | D:10     | Learned a level 5 spell: Lightning Bolt
 12807 | D:10     | Reached skill level 1 in Conjurations
 12807 | D:10     | Reached skill level 1 in Air Magic
 13312 | D:10     | Found a snail-covered altar of Cheibriados.
 13316 | D:10     | Found a shimmering altar of Xom.
 13319 | D:10     | Found a white marble altar of Elyvilon.
 13346 | Lair:1   | Entered Level 1 of the Lair of Beasts
 13871 | Lair:1   | Identified the amulet of Brawling {Acrobat rF++ Str-2
                  | Dex+5}
 14710 | Lair:2   | Found a dark tunnel.
 14717 | Volcano  | Entered a volcano
 14797 | Volcano  | Reached skill level 9 in Fighting
 15032 | Lair:2   | Reached XP level 12. HP: 94/104 MP: 11/21
 15471 | Lair:2   | Found a staircase to the Shoals.
 15789 | Lair:3   | Noticed a death yak
 15854 | Lair:3   | Noticed a death yak
 15857 | Lair:3   | Noticed a death yak
 15857 | Lair:3   | Noticed a death yak
 15888 | Lair:2   | Killed a death yak
 16148 | Lair:2   | Killed a death yak
 16520 | Lair:3   | Reached ***** piety under Sif Muna
 16521 | Lair:3   | Reached skill level 5 in Dodging
 16521 | Lair:3   | Reached skill level 5 in Air Magic
 16702 | Lair:3   | Reached skill level 5 in Conjurations
 17037 | Lair:3   | Noticed a four-headed hydra
 17103 | Lair:3   | Noticed a death yak
 17145 | Lair:3   | Killed a four-headed hydra
 17146 | Lair:3   | Reached skill level 10 in Fighting
 17293 | Lair:3   | Received a gift from Sif Muna
 17298 | Lair:3   | Got Sif Muna's Grimoire of Bewitching Heat {god gift}
 17611 | Lair:3   | Learned a level 3 spell: Swiftness
 17770 | Lair:3   | Noticed a death yak
 17770 | Lair:3   | Noticed a death yak
 17797 | Lair:3   | Killed a death yak
 17803 | Lair:3   | Killed a death yak
 18069 | Lair:3   | Reached XP level 13. HP: 104/114 MP: 20/24
 19332 | Lair:4   | Found a staircase to the Snake Pit.
 19335 | Lair:4   | Found a runed translucent door.
 19338 | Lair:4   | Noticed Atont's ghost (journeyman DDFi)
 19508 | Lair:4   | Identified the +1 trident of Nigie {antimagic, *Slow Str+8
                  | Dex+6}
 19564 | Lair:4   | Reached skill level 11 in Fighting
 21292 | Lair:5   | Found a transporter.
 21612 | Lair:5   | Found a transporter.
 21676 | Lair:5   | Found a staircase to the Slime Pits.
 22245 | Lair:5   | Found a runed translucent gate.
 22246 | Lair:5   | Found a runed translucent gate.
 22247 | Lair:5   | Found a runed translucent gate.
 22249 | Lair:5   | Noticed Karim's ghost (journeyman GnEE)
 22366 | Lair:6   | Entered Level 6 of the Lair of Beasts
 22366 | Lair:6   | Found a radiant altar of Vehumet.
 22654 | Lair:6   | Reached skill level 12 in Fighting
 23931 | Lair:6   | Received a gift from Sif Muna
 24190 | Lair:6   | Gained mutation: You have acidic saliva. [Yellow Draconian
                  | growth]
 24190 | Lair:6   | Reached XP level 14. HP: 116/126 MP: 15/26
 25775 | D:4      | Bought a scroll of identify for 52 gold pieces
 26502 | D:11     | Found a staircase to the Orcish Mines.
 27795 | D:12     | Reached skill level 10 in Air Magic
 27824 | D:12     | Reached skill level 10 in Conjurations
 28049 | D:12     | Found Tybarr's Serpentskin Sales.
 28267 | D:12     | Noticed Psyche
 28272 | D:12     | Killed Psyche
 29601 | D:13     | Found a gate to the Vaults.
 30362 | D:13     | Reached XP level 15. HP: 93/134 MP: 8/27
 30489 | D:13     | Received a gift from Sif Muna
 30495 | D:13     | Identified the +1 buckler "Urapov" {Harm rF- Str+4}
 30495 | D:13     | Identified the ring "Migoor" {Fly Dex+4 SInv}
 30999 | D:13     | Got Gewn's Disquisition on Evil Arts and Creation {god
                  | gift}
 31122 | D:13     | Identified the amulet "Jawkulaf" {Reflect rN++ SH+5}
 31631 | D:13     | Reached skill level 13 in Fighting
 32070 | Orc:1    | Entered Level 1 of the Orcish Mines
 32476 | Orc:1    | Found a runed translucent door.
 32476 | Orc:1    | Noticed amoeba's ghost (journeyman MiFi)
 32492 | Orc:1    | Killed amoeba's ghost
 32615 | Orc:1    | Identified the ring of Zin's Generosity {Drain +Blink rCorr
                  | Int+3 Dex+3}
 32670 | Orc:1    | Found Fulles's Distillery.
 32671 | Orc:1    | Found Bikhla Foet's Jewellery Shoppe.
 33120 | Orc:2    | Entered Level 2 of the Orcish Mines
 33726 | Orc:2    | Found Doimewel's Antique Weapon Emporium.
 33853 | Orc:2    | Found Piyhoec's Jewellery Shoppe.
 34734 | Orc:2    | Noticed Saint Roka
 35897 | D:14     | Received a gift from Sif Muna
 35904 | D:14     | Got Sif Muna's Incunabulum of Congealing Stones {god gift}
 36036 | D:14     | Noticed Jorgrun
 36462 | D:14     | Killed Jorgrun
 36895 | D:14     | Identified Roxanne's Collected Works on Moulding
 36895 | D:14     | Noticed Roxanne
 37047 | D:14     | Reached skill level 10 in Spellcasting
 38034 | D:14     | Learned a level 5 spell: Freezing Cloud
 38654 | D:15     | Entered Level 15 of the Dungeon
 38958 | D:15     | Reached XP level 16. HP: 67/145 MP: 10/30
 39466 | D:15     | Reached skill level 14 in Fighting
 39738 | D:15     | Found a white marble altar of Elyvilon.
 40271 | D:15     | Found a staircase to the Depths.
 40292 | D:15     | Shot with a bolt by a tengu warrior

Illustrated notes

Levels and vault maps discovered:
D:1:      shiori_arrival_maze, layout_basic, dilly_ecumenical_altar_fadedgnrine
D:2:      layout_loops_ring, uniq_robin
D:3:      layout_loops_cross, old_standard_altar
D:4:      layout_cave_pools, minmay_temple_entry_statues_pillars, serial_shops,
          nicolae_square_shop
D:5:      layout_cave_pools, serial_gnoll_camp, gnoll_camp_mini_sergeant,
          gnoll_camp_mini_house, gnoll_camp_mini_hut, gnoll_camp_mini_hut,
          hangedman_abyss_or_decor_stabs, uniq_blork_the_orc
D:6:      layout_basic
D:7:      layout_loops_cross, enter_ossuary_3
D:8:      layout_rooms, uniq_grum
D:9:      layout_stronghold
D:10:     layout_grid_maze, minmay_overflow_temple_star_quad,
          due_lair_maze_entry_diamond, due_unseen_surprise
D:11:     layout_loops_ring, erik_orc_4
D:12:     layout_roguey, guppyfry_shop_venom, uniq_psyche
D:13:     minmay_the_grid_octo_2x2 [minmay_the_grid_octo_checkerflower,
          minmay_the_grid_octo_toaster, minmay_the_grid_octo_clover,
          minmay_the_grid_octo_prize_ultimate_mussel_roller],
          layout_irregular_city, david_vaults_2
D:14:     layout_rooms, special_room [special_room_bee], uniq_jorgrun,
          uniq_roxanne
D:15:     grunt_enter_depths_snipers, layout_irregular_city,
          nicolae_elyvilon_peaceful_grove
Temple:   dpeg_five_rooms_temple
Lair:1:   layout_cave_pods, special_room, grunt_megastairs_4
Lair:2:   layout_regular_city, elwin_shoals_entry_stream,
          nicolae_volcano_entry_hallway, lemuel_fruit_tree
Lair:3:   regret_index_wax_grids, layout_gridlike, beast_lair_carwin_10,
          infiniplex_staircase_pool_2
Lair:4:   layout_cave_pods, minmay_snake_entry_guardpost_small,
          ebering_ghost_funeral_grove, grunt_megastairs_3
Lair:5:   gammafunk_worm_tunnel, layout_long_grid, slime_dummy,
          ebering_ghost_rock_garden
Lair:6:   grunt_lair_end_beastmaster, layout_regular_city, basic_altar
Orc:1:    layout_caves, gammafunk_ghost_grave, guppyfry_orc_lava_fort
Orc:2:    pubby_orc_utopia

Skill      XL: |  1  2  3  4  5  6  7  8  9 10 11 12 13 14 15 16 |
---------------+-------------------------------------------------+-----
Stealth        | 2 3 |  3.0
Ice Magic      | 5 7 8 9 10 12 | 12.0
Fighting       | 1 2 3 5 6 8 9 10 12 13 14 | 14.0
Spellcasting   | 3 5 6 7 8 10 | 10.0
Shields        | 1 3 4 |  4.0
Polearms       | 3 4 6 7 |  7.4
Invocations    | 2 5 8 |  8.5
Translocations | 1 4 |  4.0
Dodging        | 4 6 |  6.9
Conjurations   | 3 6 8 10 11 | 11.8
Air Magic      | 3 6 8 10 12 | 12.1

Action                   |  1- 3 |  4- 6 |  7- 9 | 10-12 | 13-15 | 16-18 || total
-------------------------+-------+-------+-------+-------+-------+-------++-------
Melee: Dagger            |     3 |       |       |       |       |       ||     3
       Short sword       |     2 |    24 |       |       |       |       ||    26
       Tailslap          |       |     5 |    42 |    49 |   183 |    12 ||   291
       Spear             |       |    44 |       |    57 |   669 |    51 ||   821
       Trident           |       |    15 |   370 |   366 |   390 |       ||  1141
       Bite              |       |       |       |       |   109 |     7 ||   116
 Cast: Freeze            |    40 |    15 |     6 |    18 |     9 |       ||    88
       Frozen Ramparts   |     3 |    21 |    38 |    70 |   172 |     1 ||   305
       Ozocubu's Armour  |       |     5 |    25 |    51 |   113 |     3 ||   197
       Airstrike         |       |       |       |     6 |    32 |     5 ||    43
       Lightning Bolt    |       |       |       |     6 |   123 |     7 ||   136
       Swiftness         |       |       |       |     1 |       |       ||     1
       Blink             |       |       |       |       |     5 |       ||     5
       Freezing Cloud    |       |       |       |       |     4 |    13 ||    17
Invok: Channel Magic     |       |       |       |     1 |    19 |     1 ||    21
 Abil: Breathe Acid      |       |       |     9 |    21 |    25 |       ||    55
Evoke: Wand              |       |       |       |       |     2 |       ||     2
  Use: Scroll            |       |       |     7 |     9 |    11 |       ||    27
       Potion            |       |       |       |       |     3 |       ||     3
 Stab: Sleeping          |       |     3 |     2 |       |     1 |     1 ||     7
       Distracted        |       |       |       |     1 |       |       ||     1
Armor: Skin              |    12 |    48 |   185 |   215 |   463 |     7 ||   930
Dodge: Dodged            |    20 |    67 |   254 |   294 |   831 |    33 ||  1499
Block: Buckler           |       |    10 |    88 |   121 |   320 |     6 ||   545

Table legend: (Time is in decaauts)
 A = Elapsed time spent in this place.
 B = Non-inter-level travel time spent in this place.
 C = Inter-level travel time spent in this place.
 D = Time resting spent in this place.
 E = Time spent auto-exploring this place.
 F = Levels seen in this place.
 G = Mean time per level.
                   A        B        C        D        E       F      G
               +--------+--------+--------+--------+--------+-----+--------+
         Total |  40191 |  38249 |   1942 |   7098 |  24382 |  26 | 1545.8 |
       Dungeon |  23713 |  22709 |   1004 |   4441 |  14388 |  15 | 1580.9 |
        Temple |    348 |    268 |     80 |      0 |    248 |   1 |  348.0 |
          Lair |  11924 |  11119 |    805 |   2053 |   7163 |   6 | 1987.3 |
  Orcish Mines |   3596 |   3544 |     52 |    604 |   2280 |   2 | 1798.0 |
       Ossuary |    328 |    328 |      0 |      0 |    111 |   1 |  328.0 |
       Volcano |    280 |    280 |      0 |      0 |    191 |   1 |  280.0 |
               +--------+--------+--------+--------+--------+-----+--------+

Top non-repeatable levels by time:
    D:14: 3266 daAuts
    D:13: 2912 daAuts
  Lair:6: 2896 daAuts
  Lair:3: 2650 daAuts
   Orc:2: 2328 daAuts
    D:10: 2049 daAuts
    D:12: 1949 daAuts
  Lair:4: 1854 daAuts
     D:9: 1802 daAuts
  Lair:2: 1759 daAuts
     D:5: 1528 daAuts
  Lair:5: 1393 daAuts
  Lair:1: 1370 daAuts
     D:1: 1286 daAuts
     D:6: 1274 daAuts
